 Dungeon Crawl Stone Soup version 0.15-a0-33-ga435e27 (webtiles) character file.

84 Malachi the Slasher (level 3, 0/20 HPs)
             Began as a Vine Stalker Chaos Knight on Apr 1, 2014.
             Was a Plaything of Xom.
             Succumbed to a giant mite's poison
             ... on Level 2 of the Dungeon.
             The game lasted 00:01:14 (1002 turns).

Malachi the Slasher (Vine Stalker Chaos Knight)     Turns: 1002, Time: 00:01:15

HP   0/20        AC  5     Str 15      XL: 3   Next: 37%
MP   4/4         EV 16     Int 17      God: Xom
Gold 48          SH  0     Dex 18      Spells:  0 memorised,  2 levels left

rFire  . . .     SeeInvis .     a - +0 falchion (chaos)
rCold  . . .     Clarity  .     b - +2 leather armour
rNeg   . . .     Conserve .     (no shield)
rPois  .         rCorr    .     (no helmet)
rElec  .         rRot     +     (no cloak)
SustAb . .       Spirit   +     (no gloves)
rMut   .         Warding  .     (no boots)
Saprov . . .     Stasis   .     (no amulet)
MR     .....                    (no ring)
                                (no ring)

@: brilliant, agile, lethally poisoned, not resistant to hostile enchantments,
stealthy
A: fangs 2, regeneration 1, magic shield, antimagic bite, no device heal
a: Renounce Religion


You were on level 2 of the Dungeon.
You worshipped Xom.
You were a toy of Xom.
You were not hungry.

You visited 1 branch of the dungeon, and saw 2 of its levels.

You collected 48 gold pieces.

Inventory:

Hand weapons
 a - a +0,+0 falchion of chaos (weapon)
Armour
 b - a +2 leather armour (worn)
Comestibles
 c - a bread ration
 k - a choko
Scrolls
 e - a scroll of noise {unknown}
 f - a scroll of teleportation {unknown}
 h - a scroll of enchant armour {unknown}
 l - a scroll of remove curse {unknown}
Jewellery
 m - a cursed -3 ring of dexterity {unknown}
Potions
 d - a potion of brilliance
 g - a potion of degeneration {unknown}
 i - a potion of agility
 j - a potion of curing {unknown}


   Skills:
 + Level 3.0 Fighting
 + Level 3.2 Long Blades
 + Level 1.9 Armour
 + Level 1.2 Dodging
 + Level 0.3 Stealth


You had 2 spell levels left.
You didn't know any spells.

Dungeon Overview and Level Annotations

Branches:
Dungeon (2/15)

Altars:

Annotations:
D:2 Ijyb


Innate Abilities, Weirdness & Mutations

You are immune to rotting.
You have extremely sharp teeth.
Your natural rate of healing is unusually fast.
When hurt, damage is shared between your health and your magic reserves.
Your bite disrupts and absorbs the magic of your enemies.
Potions and wands cannot restore your HP.


Message History

The giant mite bites you but does no damage.
Ijyb hits you with a club.
* * * LOW HITPOINT WARNING * * *
* * * LOW HITPOINT WARNING * * *
You feel sick.
You hit the giant mite. You burn the giant mite. You bite the giant mite.
You drain its power.
You feel invigorated.
The giant mite is severely wounded.
The giant mite bites you but does no damage.
Drink which item? (? for menu, Esc to quit)
You feel clever all of a sudden.
It was a potion of brilliance.
Xom is highly amused!
* * * LOW HITPOINT WARNING * * *
You feel sick. The giant mite barely misses you.
Drink which item? (? for menu, Esc to quit)
You feel agile all of a sudden.
It was a potion of agility.
You die...
Xom cackles wildly!

.#..........
#.#......... #
#.#........ .
#.#....... . ### #.
#.#...... .. ..# #.
#.#.....# .# ..#
#..#.#....g# ⌠.# ..#
#..#.#####s#...# ..#
#..%......@≈###≈≈≈ ..#
##.#.####...≈≈≈≈≈≈≈
..# #.#.# #...≈≈≈≈≈≈
.)######.#.#
#..≈###≈≈≈
.........#.# #..#.. ≈≈
.........#.# #..#.⌠.
.........#.####..#...#
.........#....#...###
.........####.#...


You could see Ijyb and a giant mite.

Vanquished Creatures
  Terence (D:2)
  A giant gecko (D:1)
  A bat (D:1)
  2 giant cockroaches (D:1)
  2 goblins (D:1)
  4 hobgoblins (D:1)
  A quokka (D:2)
  A giant newt (D:2)
  4 jackals (D:1)
  2 kobolds (D:1)
  2 rats (D:1)
21 creatures vanquished.

Notes
Turn   | Place    | Note
--------------------------------------------------------------
     0 | D:1      | Malachi, the Vine Stalker Chaos Knight, began the quest for the Orb.
     0 | D:1      | Reached XP level 1. HP: 11/11 MP: 1/1
   138 | D:1      | Reached XP level 2. HP: 10/16 MP: 3/3
   211 | D:1      | Reached skill level 3 in Long Blades
   344 | D:1      | XOM: divination: magic mapping
   434 | D:1      | XOM: silly message
   473 | D:1      | XOM: mild Necr miscast
   703 | D:1      | Reached skill level 1 in Dodging
   929 | D:2      | Noticed Terence
   950 | D:2      | Killed Terence
   950 | D:2      | Reached XP level 3. HP: 8/19 MP: 4/4
   985 | D:2      | Noticed Ijyb
   999 | D:2      | HP: 1/20 [poisoned by a giant mite]
  1002 | D:2      | Succumbed to a giant mite's poison

Action                   || total
-------------------------++-------
Melee: Falchion          ||    78
  Use: Potion            ||     2
 Stab: Paralysed         ||     1
